 Dungeon Crawl Stone Soup version 0.30-a0-965-g42e074c17a (webtiles) character file.

Game seed: 15541131863635665343

4245 cforsyth the Basher (level 10, -3/85 HPs)
             Began as a Formicid Fighter on Mar 31, 2023.
             Was an Initiate of Ru.
             Slain by a troll (8 damage)
             ... on level 7 of the Dungeon.
             The game lasted 00:10:28 (8841 turns).

cforsyth the Basher (Formicid Fighter)              Turns: 8841, Time: 00:10:28

Health: -3/85      AC: 13    Str: 25    XL:     10   Next: 56%
Magic:  10/10      EV:  4    Int:  8    God:    Ru [......]
Gold:   383        SH: 15    Dex: 13    Spells: 9/9 levels left

rFire   . . .      SeeInvis +    w - +1 flail (drain)
rCold   . . .      Faith    .    z - +2 tower shield
rNeg    . . .      Spirit   .    C - +0 plate armour
rPois   .          Reflect  .    (helmet unavailable)
rElec   .          Rampage  .    (no cloak)
rCorr   .                        (no gloves)
Will    ++...                    i - +1 pair of boots Stlth
                                 (no amulet)
HPRegen 0.34/turn                l - ring of willpower
MPRegen 0.12/turn                (no ring)

@: no status effects
A: permanent stasis, dig shafts and tunnels, antennae 3, four strong arms
a: Dig, Shaft Self, Renounce Religion


You were on level 7 of the Dungeon.
You worshipped Ru.
Ru was noncommittal.
You visited 2 branches of the dungeon, and saw 8 of its levels.
You also visited: Ossuary.

You collected 383 gold pieces.

Inventory:

Hand Weapons
 w - a +1 flail of draining (weapon)
Armour
 i - a +1 pair of boots (worn)
 z - a +2 tower shield (worn)
 C - a +0 plate armour (worn)
Jewellery
 l - a ring of willpower (left hand)
Wands
 r - a wand of flame (13)
Scrolls
 a - 3 scrolls of noise {unknown}
 b - a scroll of identify
 c - 2 scrolls of silence {unknown}
 g - 2 scrolls of teleportation {unknown}
 h - 2 scrolls of fear
 k - 2 scrolls of enchant armour
 p - a scroll of poison
 q - 2 scrolls of magic mapping {unknown}
 t - a scroll of fog
 u - a scroll of amnesia
 A - a scroll of enchant weapon
Potions
 d - a potion of might
 e - 3 potions of brilliance
 f - 2 potions of haste
 j - 2 potions of magic
 m - 3 potions of flight
 n - 6 potions of lignification
 o - 2 potions of berserk rage {unknown}
 s - 10 potions of curing
 v - 5 potions of heal wounds


   Skills:
 + Level 9.8 Fighting
 * Level 12.1 Maces & Flails
 - Level 3.2 Armour
 - Level 4.0 Shields


You had 9 spell levels left.
You didn't know any spells.
Your spell library contained the following spells:

 Spells                   Type           Power      Damage    Failure   Level
 Stone Arrow              Conj/Erth      0%         3d7       100%        3
 Animate Armour           Summ/Erth      0%         N/A       100%        4
 Animate Dead             Necr           0%         N/A       100%        4
 Manifold Assault         Tloc           0%         N/A       100%        4
 Borgnjor's Vile Clutch   Necr/Erth      0%         N/A       100%        5
 Death Channel            Necr           0%         N/A       100%        6
 Storm Form               Tmut/Air       0%         N/A       100%        7
 Lehudib's Crystal Spear  Conj/Erth      0%         10d2      100%        8
 Blink                    Tloc           Unusable   N/A       N/A         2

Dungeon Overview and Level Annotations

Branches:
Dungeon (7/15)             Temple (1/1) D:7         Ossuary (visited)

Altars:
Ashenzari
Cheibriados
Dithmenos
Fedhas
Gozag
Hepliaklqana
Kikubaaqudgha
Makhleb
Nemelex Xobeh
Okawaru
Qazlal
Ru
Sif Muna
Trog
Uskayaw
Vehumet
Wu Jian
Xom
Yredelemnul
Zin
The Shining One

Annotations:
D:3 1 runed translucent door, Crazy Yiuf


Innate Abilities, Weirdness & Mutations

You cannot be hasted, slowed, berserked, paralysed or teleported.
You can dig through walls and to a lower floor.
You have a pair of large antennae on your head. (SInv)
Your four strong arms can wield two-handed weapons with a shield.


Message History

You hit the deep elf pyromancer.
The deep elf pyromancer is almost dead.
The deep elf pyromancer gestures at you while chanting.
The bolt of fire hits you!
You are too injured to fight recklessly!
You are too injured to fight recklessly!
You are too injured to fight recklessly!
You are too injured to fight recklessly!
You are too injured to fight recklessly!
You are too injured to fight recklessly!
You are too injured to fight recklessly!
You are too injured to fight recklessly!
You are too injured to fight recklessly!
You are too injured to fight recklessly!
You are too injured to fight recklessly!
You thump the deep elf pyromancer!
You kill the deep elf pyromancer!
You block the troll's attack. x2; The troll claws you but does no damage.
Your Maces & Flails skill increases to level 12!
You thump the troll!
The troll is moderately wounded.
The troll bites you. You block the troll's attack. x2
You bludgeon the troll!!
The troll is severely wounded.
You block the troll's attack. The troll claws you but does no damage.
The troll barely misses you.
You closely miss the troll.
The troll is severely wounded.
The troll bites you!
* * * LOW HITPOINT WARNING * * *
You block the troll's attack. The troll claws you!
* * * LOW HITPOINT WARNING * * *
You barely miss the troll.
The troll is severely wounded.
You block the troll's attack. The troll claws you but does no damage.
You block the troll's attack.
You hit the troll but do no damage.
The troll is severely wounded.
The troll bites you!
You die...

....##### {## #...##.#
.##.##### .8#$# ######.#
.##.....# ##+##$##+######.#
.....#..#####...+?#..8#.....#
............#8..#?#...'.#####
........######'##(##'####
.##.....# ####.8#[#8)#
.###.#### #..#.T###..#
.#.....# #.###)@'..##
.#.....# #.######### ##.....#
#....##.# #.....# #.#####.#
#.....# #.#...#.# #######
#..###..# #..# #.## ##.###.#
### ##)))##


You could see a troll.

Vanquished Creatures
  A deep elf pyromancer (D:7)
  Grinder (D:5)
  Sigmund (D:4)
  A wyvern (D:5)
  A yak (D:5)
  Eustachio (D:6)
  Menkaure (D:4)
  Edmund (D:4)
  Duvessa (D:5)
  An ice beast (D:7)
  3 black bears
  3 ogres
  2 centaurs (D:7)
  A phantom (D:7)
  2 kobold brigands (D:7)
  A gnoll sergeant (D:7)
  2 scorpions
  A bullfrog (D:7)
  4 water moccasin zombies (Ossuary)
  5 wights
  Dowan (D:5)
  5 killer bees (D:7)
  An electric eel (D:6)
  2 hounds
  2 orc priests
  2 jellies
  Natasha (thrice) (D:4)
  2 iguanas
  2 orc wizards
  3 mummies
  9 adders
  7 gnolls
  A shadow imp (D:5)
  2 white imps
  An ufetubus (D:3)
  4 adder zombies (Ossuary)
  2 worms
  3 dart slugs
  11 orcs
  4 ball pythons
  8 endoplasms
  2 giant cockroaches
  7 goblins
  9 hobgoblins
  8 jackals
  5 quokkas
  6 bats
  3 frilled lizards
  4 gnoll zombies (Ossuary)
  A goblin zombie (D:5)
  7 hobgoblin zombies (Ossuary)
  9 kobolds
  3 kobold zombies (Ossuary)
  4 orc zombies
  3 rats
180 creatures vanquished.

Vanquished Creatures (others)
  An orc wizard (D:5)
  14 plants (D:6)
15 creatures vanquished.

Grand Total: 195 creatures vanquished

Notes
Turn   | Place    | Note
-------+----------+-------------------------------------------
     0 | D:1      | cforsyth the Formicid Fighter began the quest for the Orb.
     0 | D:1      | Reached XP level 1. HP: 18/18 MP: 1/1
    59 | D:1      | Reached XP level 2. HP: 24/24 MP: 2/2
   615 | D:1      | Reached XP level 3. HP: 26/29 MP: 3/3
   646 | D:1      | Reached skill level 3 in Maces & Flails
  1066 | D:2      | Reached XP level 4. HP: 29/37 MP: 4/4
  1569 | D:3      | Reached skill level 4 in Maces & Flails
  1601 | D:3      | Reached XP level 5. HP: 33/42 MP: 5/5
  1788 | D:3      | HP: 1/43 [orc priest/divine providence (9)]
  1803 | D:2      | HP: 2/43 [quokka (3)]
  2230 | D:3      | Found an opulent altar of Gozag.
  2488 | D:3      | Found a glowing silver altar of Zin.
  2494 | D:3      | Found a bloodstained altar of Trog.
  2497 | D:3      | Found a broken altar of Ashenzari.
  2498 | D:3      | Found a hazy altar of Hepliaklqana.
  2638 | D:2      | Reached XP level 6. HP: 46/49 MP: 6/6
  2709 | D:3      | Reached skill level 5 in Maces & Flails
  2861 | D:3      | Found a shadowy altar of Dithmenos.
  2861 | D:3      | Found a blossoming altar of Fedhas.
  2863 | D:3      | Found a snail-covered altar of Cheibriados.
  2864 | D:3      | Found a sparkling altar of Nemelex Xobeh.
  2933 | D:3      | Found a runed translucent door.
  2934 | D:3      | Noticed Crazy Yiuf
  2991 | D:4      | Noticed Sigmund
  2997 | D:4      | Killed Sigmund
  2998 | D:4      | Reached skill level 5 in Fighting
  2998 | D:4      | Reached XP level 7. HP: 49/56 MP: 7/7
  3040 | D:4      | Noticed Menkaure
  3182 | D:4      | Killed Menkaure
  3183 | D:4      | Reached skill level 6 in Maces & Flails
  3390 | D:4      | Noticed Edmund
  3404 | D:4      | Killed Edmund
  3542 | D:4      | Noticed Natasha
  3551 | D:4      | Killed Natasha
  3910 | D:4      | Noticed Natasha
  3923 | D:4      | Killed Natasha
  3947 | D:4      | Noticed Natasha
  3954 | D:4      | Killed Natasha
  3955 | D:4      | Reached skill level 7 in Maces & Flails
  4160 | D:5      | Entered Level 5 of the Dungeon
  4176 | D:5      | Noticed Duvessa
  4177 | D:5      | Noticed Dowan
  4183 | D:5      | Reached XP level 8. HP: 64/64 MP: 8/8
  4191 | D:5      | Killed Duvessa
  4193 | D:5      | Killed Dowan
  4258 | D:5      | Found a sand-covered staircase.
  4295 | Ossuary  | Entered an ossuary
  4371 | Ossuary  | Reached skill level 8 in Maces & Flails
  4810 | D:5      | Reached XP level 9. HP: 72/72 MP: 9/9
  4883 | D:5      | Reached skill level 9 in Maces & Flails
  5111 | D:5      | Identified the +3 mace of Kawa {pain, Dex+3}
  5298 | D:5      | Noticed Grinder
  5327 | D:5      | Killed Grinder
  5687 | D:5      | Reached skill level 10 in Maces & Flails
  5817 | D:5      | Found an ancient bone altar of Kikubaaqudgha.
  6886 | D:6      | Noticed Eustachio
  6896 | D:6      | Killed Eustachio
  7220 | D:6      | Reached XP level 10. HP: 82/82 MP: 10/10
  7535 | D:6      | Found a burning altar of Makhleb.
  7713 | D:7      | Reached skill level 11 in Maces & Flails
  7983 | D:7      | Found a staircase to the Ecumenical Temple.
  7997 | Temple   | Entered the Ecumenical Temple
  8170 | Temple   | Became a worshipper of Ru the Awakened
  8220 | D:7      | Found a basalt altar of Yredelemnul.
  8820 | D:7      | Noticed a deep elf pyromancer
  8836 | D:7      | Killed a deep elf pyromancer
  8837 | D:7      | Reached skill level 12 in Maces & Flails
  8841 | D:7      | Slain by a troll

Illustrated notes

Levels and vault maps discovered:
D:1:      ncdulo_lavacross, layout_loops_corners, minmay_misc_feat_more_columns,
          st_stairs_10, glass_columns_b, dk_noncrumbling_2
D:2:      layout_loops_ring, nicolae_titane
D:3:      layout_loops_ring, minitemple, grunt_gozag_breadcrumbs,
          hangedman_decor_clover_reticule, grunt_ministairs_3,
          uniq_crazy_yiuf_cottage
D:4:      layout_loops_cross, uniq_natasha, uniq_edmund, uniq_sigmund,
          uniq_menkaure
D:5:      kennysheep_big_flooded_room, layout_loops_corners,
          lemuel_doored_altar, nicolae_ossuary_entry_giza, uniq_grinder,
          uniq_duvessa
D:6:      layout_basic, mainiacjoe_overflow_alcove_4, serial_bayou,
          serial_bayou_pond_a, serial_bayou_pond_c, serial_bayou_crossing,
          serial_bayou_pond_c, uniq_eustachio
D:7:      minmay_chambers_of_sixes, layout_loops_cross, amcnicky_altar_gilded,
          minmay_temple_entry_waves
Temple:   chequers_temple_sunken

Skill      XL: |  1  2  3  4  5  6  7  8  9 10 |
---------------+-------------------------------+-----
Maces & Flails | 3 4 5 7 8 10 12 | 12.1
Fighting       | 4 5 6 7 8 9 |  9.8
Armour         | |  3.2
Shields        | |  4.0

Action                     |  1- 3 |  4- 6 |  7- 9 | 10-12 || total
---------------------------+-------+-------+-------+-------++-------
  Melee: Flail             |    70 |   115 |   324 |   113 ||   622
    Use: Scroll            |       |       |    15 |       ||    15
 Armour: Scale mail        |    38 |    85 |    87 |       ||   210
         Chain mail        |       |       |    23 |       ||    23
         Plate armour      |       |       |     3 |    62 ||    65
  Dodge: Dodged            |    29 |    62 |    98 |     7 ||   196
  Block: Buckler           |    21 |    40 |    44 |       ||   105
         Tower shield      |       |       |    45 |    81 ||   126

Table legend: (Time is in decaauts)
 A = Elapsed time spent in this place.
 B = Non-inter-level travel time spent in this place.
 C = Inter-level travel time spent in this place.
 D = Time resting spent in this place.
 E = Time spent auto-exploring this place.
 F = Levels seen in this place.
 G = Mean time per level.
                   A        B        C        D        E       F      G
               +--------+--------+--------+--------+--------+-----+--------+
         Total |   8986 |   8713 |    273 |   1367 |   5669 |   9 |  998.4 |
       Dungeon |   8366 |   8119 |    247 |   1267 |   5354 |   7 | 1195.1 |
        Temple |    239 |    213 |     26 |      0 |    198 |   1 |  239.0 |
       Ossuary |    380 |    380 |      0 |    100 |    116 |   1 |  380.0 |
               +--------+--------+--------+--------+--------+-----+--------+

Top non-repeatable levels by time:
     D:5: 1800 daAuts
     D:4: 1279 daAuts
     D:2: 1146 daAuts
     D:3: 1132 daAuts
     D:6: 1127 daAuts
     D:7: 1002 daAuts
     D:1: 877 daAuts
 Ossuary: 380 daAuts
  Temple: 239 daAuts
